 Dungeon Crawl Stone Soup version 0.16-a0-3566-ge6f527a (console) character file.

2 cbrotest the Skirmisher (level 1, 8/14 HPs)
             Began as a Gargoyle Berserker on Jan 12, 2015.
             Was a Follower of Trog.
             Quit the game on level 1 of the Dungeon.
             The game lasted 00:00:14 (54 turns).

cbrotest the Skirmisher (Gargoyle Berserker)          Turns: 54, Time: 00:00:14

Health: 8/14       AC:  4    Str: 20    XL:     1   Next: 40%
Magic:  1/1        EV: 12    Int:  7    God:    Trog [*.....]
Gold:   26         SH:  0    Dex:  9    Spells: 0 memorised, 0 levels left

rFire  . . .     SeeInvis .     a - +0 short sword
rCold  . . .     Clarity  .     b - +0 animal skin
rNeg   + . .     SustAb   .     (no shield)
rPois  ∞         Gourm    .     (no helmet)
rElec  +         Spirit   .     (no cloak)
rCorr  .         Warding  .     (no gloves)
rMut   .         Stasis   .     (no boots)
MR     .....                    (no amulet)
Stlth  +.........               (no ring)
                                (no ring)

@: not resistant to hostile enchantments, very unstealthy
A: negative energy resistance 1, electricity resistance, unbreathing,
petrification resistance, rot immunity, AC +2
a: Burn Spellbooks, Berserk, Renounce Religion


You were on level 1 of the Dungeon.
You worshipped Trog.
Trog was aware of your devotion.
You were not hungry.

You visited 1 branch of the dungeon, and saw 1 of its levels.

You collected 26 gold pieces.

Notes
Turn   | Place    | Note
--------------------------------------------------------------
     0 | D:1      | cbrotest, the Gargoyle Berserker, began the quest for the Orb.
     0 | D:1      | Reached XP level 1. HP: 14/14 MP: 1/1
    54 | D:1      | Quit the game

Inventory:

Hand weapons
 a - a +0 short sword (weapon)
Armour
 b - a +0 animal skin (worn)
Jewellery
 d - a +4 ring of strength {unknown}
Potions
 e - 2 potions of agility {unknown}
 f - a potion of might {unknown}
Comestibles
 c - a bread ration

Table legend:
 A = Turns spent in this place as a percentage of turns spent in the entire game.
 B = Non-inter-level travel turns spent in this place as a percentage of non-inter-level travel turns spent in the entire game.
 C = Inter-level travel turns spent in this place as a percentage of turns spent in this place.
 D = Turns resting spent in this place as a percentage of non-inter-level travel turns spent in this place.
 E = Turns spent auto-exploring this place as a percentage of non-inter-level travel turns spent in this place.
 F = Non-inter-level travel turns spent in this place divided by the number of levels of this place that you've seen.
                   A       B       C       D       E      F
               +-------+-------+-------+-------+-------+----------------------
         Total | 100.0 | 100.0 |   0.0 |   0.0 |  14.9 |  47.0
       Dungeon | 100.0 | 100.0 |   0.0 |   0.0 |  14.9 |  47.0
               +-------+-------+-------+-------+-------+----------------------


   Skills:
 + Level 3.2 Fighting
 + Level 2.6 Short Blades
 + Level 2.5 Armour
 + Level 1.5 Dodging


You couldn't memorise any spells.
You didn't know any spells.

Dungeon Overview and Level Annotations

Branches:
Dungeon (1/15)

Altars:


Innate Abilities, Weirdness & Mutations

You are resistant to torment.
You are immune to poison.
Your stone body is very resilient (AC +2).
You resist negative energy.
You are resistant to electric shocks.
You can survive without breathing.
You are immune to petrification.
You are immune to rotting.


Message History

The giant gecko is heavily wounded.
The giant gecko closely misses you.
You hit the giant gecko.
The giant gecko is almost dead.
The giant gecko misses you.
You barely miss the giant gecko.
The giant gecko is severely wounded.
The giant gecko closely misses you.
You closely miss the giant gecko.
The giant gecko is severely wounded.
The giant gecko misses you.
You closely miss the giant gecko.
The giant gecko is severely wounded.
The giant gecko barely misses you. The giant gecko closely misses you.
You hit the giant gecko.
You kill the giant gecko!
Trog accepts your kill.
Found a ring mail.
You see here a giant gecko corpse.
Are you sure you want to abandon this character and quit the game? (Confirm with "yes".)

... #..[... #......
#.....# #.....#
######## #.....#
####....... #.....#
##.......... #.....#
#......⌠...⌠ #...@.#
##...⌠.......
#.....###.........≈..
#......(#...⌠........
#######........≈.....
###...⌠........
#.........≈..
##...⌠.......
#......⌠...⌠
##...(......


There were no monsters in sight!

Table legend:
 A = Kills in this place as a percentage of kills in entire the game.
 B = Kills by you in this place as a percentage of kills by you in the entire game.
 C = Kills by friends in this place as a percentage of kills by friends in the entire game.
 D = Other kills in this place as a percentage of other kills in the entire game.
 E = Experience gained in this place as a percentage of experience gained in the entire game.
 F = Experience gained in this place divided by the number of levels of this place that you have seen.
                   A       B       C       D       E      F
               +-------+-------+-------+-------+-------+----------------------
         Total | 100.0 | 100.0 |  -nan |  -nan | 100.0 |   4.0
       Dungeon | 100.0 | 100.0 |  -nan |  -nan | 100.0 |   4.0
               +-------+-------+-------+-------+-------+----------------------

Vanquished Creatures
  Monster Symbol All 'b'
  A bat (D:1)
1 creature vanquished. All 'l' A giant gecko (D:1)
1 creature vanquished.
2 creatures vanquished. Monster Nature Natural Monsters A giant gecko (D:1) A bat (D:1)
2 creatures vanquished.
2 creatures vanquished. Ascending Order A giant gecko (D:1) A bat (D:1)
2 creatures vanquished.

Action                   || total
-------------------------++-------
Melee: Short sword       ||    14

Vault maps used:
D:1:      dpeg_arrival_stone_temple_mockup
